 Dungeon Crawl Stone Soup version 0.27.0-1-g7a089689b8 (webtiles) character file.

Game seed: 9451693163332268466

5588 lnt the Spear-Bearer (level 10, -8/69 HPs)
             Began as a Grey Draconian Conjurer on Aug 1, 2021.
             Was a Believer of Nemelex Xobeh.
             Mangled by a two-headed ogre (24 damage)
             ... on level 9 of the Dungeon.
             The game lasted 00:57:59 (11357 turns).

lnt the Spear-Bearer (Grey Draconian Conjurer)     Turns: 11357, Time: 00:57:59

Health: -8/69      AC: 15    Str: 11    XL:     10   Next: 45%
Magic:  14/22      EV: 11    Int: 21    God:    Nemelex Xobeh [**....]
Gold:   397        SH:  3    Dex:  9    Spells: 3/13 levels left

rFire    + . .     SeeInvis .   a - +7 spear "Atiedul" {freeze, rF+ MP+9}
rCold    . . .     Faith    .   E - +1 buckler {rN+}
rNeg     + . .     Spirit   .   (armour unavailable)
rPois    .         Reflect  .   (helmet restricted)
rElec    .         Harm     .   w - +0 cloak
rCorr    .         Rampage  .   (no gloves)
Will     +....                  B - +1 pair of boots
Stlth    ++........             (no amulet)
HPRegen  0.00/turn              f - ring of willpower
MPRegen  0.18/turn              D - ring of wizardry

@: inhibited regen
A: AC +12, amphibious, unfitting armour, cold-blooded, inhibited regeneration
a: Renounce Religion, Draw Escape, Draw Destruction, Draw Summoning


You were on level 9 of the Dungeon.
You worshipped Nemelex Xobeh.
Nemelex Xobeh was pleased with you.
You visited 2 branches of the dungeon, and saw 10 of its levels.

You collected 397 gold pieces.

Inventory:

Hand Weapons
 a - the +7 spear "Atiedul" (weapon) {freeze, rF+ MP+9}
   (You found it on level 6 of the Dungeon)

   It freezes those it strikes, dealing additional cold damage.
   It can also slow down cold-blooded creatures.
   rF:        It protects you from fire.
   MP:        It affects your magic capacity (+9).
Missiles
 b - 4 throwing nets
 k - 180 stones
 y - 34 poisoned darts
Armour
 w - a +0 cloak (worn)
 B - a +1 pair of boots (worn)
 E - a +1 buckler of positive energy (worn)
Jewellery
 f - a ring of willpower (left hand)
 A - a ring of magical power
 D - a ring of wizardry (right hand)
Wands
 c - a wand of acid (14)
Scrolls
 d - 2 scrolls of amnesia
 e - 3 scrolls of immolation
 g - a scroll of magic mapping {unknown}
 h - 3 scrolls of identify
 l - 2 scrolls of teleportation
 m - a scroll of enchant weapon {unknown}
 o - a scroll of vulnerability {unknown}
 r - a scroll of blinking {unknown}
 t - a scroll of enchant armour
 v - a scroll of acquirement {unknown}
 C - a scroll of fog {unknown}
Potions
 i - a potion of mutation
 j - a potion of lignification
 n - a potion of might
 p - a potion of brilliance
 q - 2 potions of curing
 s - 2 potions of attraction
 u - a potion of heal wounds
 x - a potion of degeneration
 z - 2 potions of flight


   Skills:
 + Level 11.9 Polearms
 - Level 3.1 Dodging
 - Level 1.7 Stealth
 - Level 2.0 Spellcasting
 + Level 10.2 Conjurations


You had 3 spell levels left.
You knew the following spells:

 Your Spells              Type           Power      Damage    Failure   Level
a - Magic Dart            Conj           100%       1d8       1%          1
b - Searing Ray           Conj           90%        3d6       1%          2
c - Dazzling Flash        Conj/Hex       46%        N/A       3%          3
d - Fulminant Prism       Conj/Hex       11%        3d9       12%         4

Your spell library contained the following spells:

 Spells                   Type           Power      Damage    Failure   Level
 Iskenderun's Mystic Bla  Conj/Tloc      23%        2d6       12%         4
 Animate Dead             Necr           1%         N/A       65%         4
 Borgnjor's Vile Clutch   Necr/Erth      1%         N/A       92%         5
 Death Channel            Necr           1%         N/A       100%        6


Dungeon Overview and Level Annotations

Branches:
Dungeon (9/15)             Temple (1/1) D:4            Lair (0/6) D:8
    Orc: D:9-12

Altars:
Ashenzari
Cheibriados
Dithmenos
Elyvilon
Fedhas
Gozag
Hepliaklqana
Kikubaaqudgha
Makhleb
Nemelex Xobeh
Okawaru
Qazlal
Ru
Sif Muna
Trog
Uskayaw
Vehumet
Wu Jian
Xom
Yredelemnul
Zin
The Shining One

Shops:
D:8 *


Innate Abilities, Weirdness & Mutations

Your dull iron-grey scales are very hard. (AC +12)
You are amphibious.
You cannot fit into any form of body armour.
You are cold-blooded and may be slowed by cold attacks.
You do not regenerate when monsters are visible.


Message History

The searing ray hits the wight.
The wight is severely damaged. (Press . to maintain the ray.)
The searing ray hits the wight!
You destroy the wight!
Your life force feels restored.
Things that are here:
a +3 war axe; a +0 hand crossbow; a +0 robe You start resting.
HP restored.
Magic restored.
As you open the door, it creaks loudly!
A two-headed ogre comes into view.
It is wielding a +2 vorpal dire flail and a +0 giant club.
Things that are here:
a +3 war axe; a +0 hand crossbow; a +0 robe
Casting: Searing Ray (safe; 1% risk of failure)
Confirm with . or Enter, or press ? or * to list all spells.
Aiming: Searing Ray (safe; 1% risk of failure)
Press: ? - help, Shift-Dir - straight line, f - two-headed ogre
Aim: a two-headed ogre, wielding a +2 vorpal dire flail and a +0 giant club (91% to hit)
The searing ray hits the two-headed ogre.
The two-headed ogre is lightly wounded. (Press . to maintain the ray.)
The searing ray hits the two-headed ogre!
The two-headed ogre is lightly wounded.
The searing ray hits the two-headed ogre!
The two-headed ogre is moderately wounded.
The two-headed ogre hits you with a +2 vorpal dire flail.
The two-headed ogre hits you with a +0 giant club!!
The searing ray hits the two-headed ogre!
The two-headed ogre is heavily wounded.
You finish channeling your searing ray.
The two-headed ogre completely misses you.
The two-headed ogre hits you with a +0 giant club!
Casting: Searing Ray (safe; 1% risk of failure)
Confirm with . or Enter, or press ? or * to list all spells.
The two-headed ogre hits you with a +2 vorpal dire flail!
* * * LOW HITPOINT WARNING * * *
x2 The two-headed ogre hits you with a +0 giant club!!
You die...
Your body glows slightly and disappears.

### ..#.# #.......
#####.#.# #.......
..##.#.# #.......
#######.##.#.# #.......
#.....#.#..#.# #.....
.............# #...
#.###.#.##...####'#######
#.#.##...@O..........
#....#.#.###.......#. ###
###[.#.#.# #.......#
..[.###<#[.#.#.#
#.......#
.......÷#..#.#.#
#.......#
....##.....#.#.#
##........
......♣...♣..#.#
#........
.............#..
#........ ###.♣...<...♣.#


You could see a two-headed ogre.

Vanquished Creatures
  A two-headed ogre (D:8)
  Pikel (D:8)
  Prince Ribbit (D:8)
  4 yaks (D:8)
  A fire bat (D:7)
  An acid dragon (D:9)
  6 water moccasins
  A sky beast (shapeshifter) (D:7)
  3 orc warriors
  A hornet zombie (D:8)
  2 necrophages
  An ogre (D:6)
  An ice beast (D:7)
  2 centaurs
  4 lemures
  2 bullfrogs
  A gnoll sergeant (D:8)
  A wyvern skeleton (D:7)
  14 killer bees
  9 wights
  2 howler monkeys
  2 hounds
  4 orc priests
  A centaur skeleton (D:6)
  An iguana (D:6)
  3 orc wizards
  9 gnolls
  6 adders
  A shadow imp (D:7)
  A white imp (D:6)
  An ufetubus (D:6)
  2 worms
  A dart slug (D:4)
  27 orcs
  5 ball pythons
  2 endoplasms
  3 giant cockroaches
  5 goblins
  3 hobgoblins
  2 jackals (D:5)
  2 quokkas
  4 bats
  A frilled lizard (D:1)
  8 kobolds
  6 rats
159 creatures vanquished.

Vanquished Creatures (others)
  A gnoll (D:8)
  4 withered plants (D:3)
5 creatures vanquished.

Grand Total: 164 creatures vanquished

Notes
Turn   | Place    | Note
-------+----------+-------------------------------------------
     0 | D:1      | lnt the Draconian Conjurer began the quest for the Orb.
     0 | D:1      | Reached XP level 1. HP: 14/14 MP: 3/3
   518 | D:1      | Reached XP level 2. HP: 20/20 MP: 1/5
   749 | D:1      | You fall into a shaft and drop 1 floor!
  1673 | D:3      | Reached skill level 5 in Conjurations
  1673 | D:3      | Reached XP level 3. HP: 26/26 MP: 0/6
  1853 | D:3      | HP: 1/26 [orc priest/divine providence (9)]
  1854 | D:3      | Gained mutation: You do not regenerate when monsters are
                  | visible. [potion of mutation]
  2182 | D:3      | Reached XP level 4. HP: 33/33 MP: 1/7
  2387 | D:3      | Learned a level 2 spell: Searing Ray
  2580 | D:3      | Found a faded altar of an unknown god.
  2944 | D:3      | Found a glowing golden altar of the Shining One.
  3447 | D:4      | Found a staircase to the Ecumenical Temple.
  3457 | Temple   | Entered the Ecumenical Temple
  3649 | Temple   | Became a worshipper of Nemelex Xobeh the Trickster
  3848 | D:3      | Reached XP level 5. HP: 34/38 MP: 5/8
  4470 | D:5      | Entered Level 5 of the Dungeon
  4470 | D:5      | Found a hide-covered altar of Uskayaw.
  4638 | D:5      | Learned a level 3 spell: Dazzling Flash
  4777 | D:5      | Reached XP level 6. HP: 33/45 MP: 3/9
  5010 | D:5      | Reached * piety under Nemelex Xobeh
  5144 | D:6      | Identified the +7 spear "Atiedul" {freeze, rF+ MP+9}
  5217 | D:6      | Found a radiant altar of Vehumet.
  5220 | D:6      | Noticed an orc warrior
  5259 | D:6      | Killed an orc warrior
  5259 | D:6      | HP: 1/45 [shot self (16)]
  5260 | D:6      | Reached skill level 2 in Polearms
  5751 | D:6      | Noticed a water moccasin
  5762 | D:6      | Killed a water moccasin
  5763 | D:6      | Reached skill level 3 in Polearms
  5763 | D:6      | Your scales start taking on a dull iron-grey colour.
  5763 | D:6      | Reached XP level 7. HP: 39/50 MP: 10/10
  5944 | D:6      | Found a burning altar of Makhleb.
  6539 | D:6      | Received a gift from Nemelex Xobeh
  6555 | D:6      | Reached skill level 4 in Polearms
  6696 | D:6      | Reached skill level 5 in Polearms
  6783 | D:6      | Reached XP level 8. HP: 41/56 MP: 11/11
  6892 | D:6      | Reached skill level 6 in Polearms
  7096 | D:6      | You fall into a shaft and drop 2 floors!
  7096 | D:8      | Noticed Harold
  7312 | D:7      | Reached skill level 7 in Polearms
  7363 | D:6      | Found a sacrificial altar of Ru.
  7658 | D:7      | Received a gift from Nemelex Xobeh
  7772 | D:7      | Reached skill level 8 in Polearms
  8206 | D:7      | Reached ** piety under Nemelex Xobeh
  8712 | D:7      | Noticed Harold
  8712 | D:7      | Harold changed into Harold the shapeshifter
  8713 | D:7      | Noticed Harold
  8713 | D:7      | Harold the shapeshifter changed into Harold the sky beast
  8718 | D:7      | Killed Harold the sky beast
  8719 | D:7      | Reached skill level 9 in Polearms
  8719 | D:7      | Reached XP level 9. HP: 57/62 MP: 12/12
  8942 | D:7      | Reached skill level 10 in Polearms
  9212 | D:8      | Found a staircase to the Lair.
  9617 | D:8      | Noticed Pikel
  9859 | D:8      | Noticed Prince Ribbit
  9866 | D:8      | Killed Prince Ribbit
  9929 | D:8      | Found Kofeopab's Serpentskin Sales.
 10203 | D:7      | Learned a level 4 spell: Fulminant Prism
 10278 | D:8      | Killed Pikel
 10279 | D:8      | Reached skill level 11 in Polearms
 10679 | D:8      | Reached XP level 10. HP: 65/69 MP: 13/13
 11032 | D:9      | Noticed a two-headed ogre
 11040 | D:8      | Killed a two-headed ogre
 11041 | D:8      | Reached skill level 10 in Conjurations
 11348 | D:9      | Noticed a two-headed ogre
 11357 | D:9      | Mangled by a two-headed ogre

Illustrated notes

Levels and vault maps discovered:
D:1:      wander_arrival_chamber, layout_loops_corners
D:2:      layout_rooms, grunt_ministairs_12, chequers_mini_garden
D:3:      layout_loops_ring, overflow_temple_1_default,
          ebering_ecumenical_altar_petrified, minmay_crystal_water,
          corexii_leaking_fountain
D:4:      layout_cave_pools, minmay_temple_entry_slanted,
          kennysheep_pointless_box
D:5:      layout_rooms, eat_drink_and_be_merry_uskayaw
D:6:      layout_basic, nicolae_ru_the_path_less_chosen,
          mainiacjoe_overflow_chevrons, old_standard_altar
D:7:      layout_gridville
D:8:      layout_rooms, lair_entry_dummy, guppyfry_shop_venom, uniq_harold,
          uniq_prince_ribbit1, uniq_pikel
D:9:      layout_basic, minmay_orc_entry_guard_dogs, grunt_ministairs_2
Temple:   minmay_crystal_spiral_temple

Skill      XL: |  1  2  3  4  5  6  7  8  9 10 |
---------------+-------------------------------+-----
Conjurations   | 5 6 7 8 9 10 | 10.2
Polearms       | 3 5 9 11 | 11.9
Dodging        | 3 |  3.1
Stealth        | |  1.7
Spellcasting   | |  2.0

Action                   |  1- 3 |  4- 6 |  7- 9 | 10-12 || total
-------------------------+-------+-------+-------+-------++-------
Melee: Dagger            |    16 |    17 |       |       ||    33
       Tailslap          |     1 |     4 |     5 |       ||    10
       Short sword       |       |     1 |       |       ||     1
       Spear             |       |     4 |    88 |     4 ||    96
       Unarmed           |       |       |     4 |       ||     4
Throw: Throwing net      |       |       |     1 |       ||     1
 Cast: Magic Dart        |    55 |   101 |   114 |    15 ||   285
       Searing Ray       |       |     7 |    29 |    12 ||    48
       Dazzling Flash    |       |       |       |     1 ||     1
Invok: Draw Destruction  |       |       |     5 |       ||     5
       Draw Escape       |       |       |     1 |       ||     1
Evoke: Wand              |       |     2 |       |       ||     2
  Use: Potion            |     2 |     1 |     2 |       ||     5
       Scroll            |       |       |    11 |       ||    11
 Stab: Sleeping          |       |       |     1 |       ||     1
Armor: Skin              |     3 |    16 |    68 |     3 ||    90
Dodge: Dodged            |    14 |    32 |   108 |     9 ||   163
Block: Buckler           |       |       |     1 |     2 ||     3
